 Dungeon Crawl Stone Soup version 0.28.0-45-g0d030f2227 (webtiles) character file.

Game seed: 6812244340916716862

161 hawla the Conjurer (level 5, 0/40 HPs)
             Began as a Draconian Conjurer on Apr 18, 2022.
             Slain by an orc
             ... wielding a +0 whip
              (2 damage)
             ... on level 4 of the Dungeon.
             The game lasted 00:05:19 (2776 turns).

hawla the Conjurer (Draconian Conjurer)             Turns: 2776, Time: 00:05:19

Health: 0/40       AC:  5    Str:  9    XL:     5   Next: 18%
Magic:  1/8        EV: 12    Int: 21    God:
Gold:   1315       SH:  0    Dex:  9    Spells: 6/9 levels left

rFire   . . .      SeeInvis .   d - +0 mace
rCold   . . .      Faith    .   (no shield)
rNeg    . . .      Spirit   .   (armour unavailable)
rPois   .          Reflect  .   (helmet restricted)
rElec   .          Harm     .   (no cloak)
rCorr   .          Rampage  .   (no gloves)
Will    .....                   (no boots)
Stlth   ++........              (no amulet)
HPRegen 0.13/turn               (no ring)
MPRegen 0.11/turn               (no ring)

@: brilliant
A: AC +5, unfitting armour, cold-blooded
a: no special abilities


You were on level 4 of the Dungeon.
You visited 1 branch of the dungeon, and saw 4 of its levels.

You collected 1315 gold pieces.

Inventory:

Hand Weapons
 d - a +0 mace (weapon)
Wands
 b - a wand of paralysis (8)
Scrolls
 c - a scroll of amnesia


   Skills:
 + Level 1.4 Fighting
 + Level 2.9 Dodging
 + Level 2.4 Stealth
 + Level 2.5 Spellcasting
 + Level 5.1 Conjurations


You had 6 spell levels left.
You knew the following spells:

 Your Spells              Type           Power      Damage    Failure   Level
a - Magic Dart            Conj           100%       1d8       1%          1
b - Searing Ray           Conj           72%        2d7       2%          2

Your spell library contained the following spells:

 Spells                   Type           Power      Damage    Failure   Level
 Animate Skeleton         Necr           6%         N/A       14%         1
 Pain                     Necr           12%        1d4       14%         1
 Dazzling Flash           Conj/Hex       40%        N/A       14%         3
 Vampiric Draining        Necr           3%         2d6       38%         3
 Fulminant Prism          Conj/Hex       10%        3d9       43%         4
 Iskenderun's Mystic Bla  Conj/Tloc      20%        2d6       43%         4


Dungeon Overview and Level Annotations

Branches:
Dungeon (4/15)
 Temple: D:4-7

Altars:
Kikubaaqudgha
Xom


Innate Abilities, Weirdness & Mutations

Your plain brown scales are hard. (AC +5)
You cannot fit into any form of body armour.
You are cold-blooded and may be slowed by cold attacks.


Message History

You closely miss the orc.
Your tail-slap misses the orc.
The goblin hits you but does no damage. The orc hits you but does no damage. x2
The goblin completely misses you.
You feel better. The orc closely misses you. The orc barely misses you.
The goblin hits you but does no damage.
You hit the orc but do no damage.
You tail-slap the orc, but do no damage.
The orc misses you. The orc hits you with a +0 hand axe.
* * * LOW HITPOINT WARNING * * *
The goblin misses you. The orc priest closely misses you.
The orc hits you but does no damage. The orc barely misses you.
Casting: Searing Ray (safe; 2% risk of failure)
Confirm with . or Enter, or press ? or * to list all spells.
Aiming: Magic Dart (safe; 1% risk of failure)
Press: ? - help, Shift-Dir - straight line, f - orc priest
Aim: an orc priest, wielding a +0 whip and wearing a +0 leather armour (100% to hit)
You feel a surge of power!
The magic dart hits the orc priest.
The orc priest is lightly wounded.
The goblin hits you but does no damage.
The orc priest hits you but does no damage.
The orc hits you with a +0 whip.
* * * LOW HITPOINT WARNING * * *
The orc misses you.
Aiming: Paralyse
Press: ? - help, Shift-Dir - straight line, f/p - orc priest
Aim: an orc priest, wielding a +0 whip and wearing a +0 leather armour (lightly wounded, chance to affect: 49%)
The orc priest suddenly stops moving!
The goblin barely misses you. The orc hits you but does no damage.
The orc closely misses you.
The helpless orc priest fails to defend itself.
You hit the orc priest but do no damage.
The orc priest is lightly wounded.
The goblin hits you with a +0 club.
* * * LOW HITPOINT WARNING * * *
The orc barely misses you. The orc closely misses you.
The goblin barely misses you.
Aiming: Paralyse
Press: ? - help, Shift-Dir - straight line, f - orc, p - orc priest
Aim: an orc, wielding a +0 hand axe and wearing a +0 leather armour (chance to affect: 66%)
The orc suddenly stops moving!
The orc hits you with a +0 whip.
You die...

## #.
#o####
#.@o.#
#go#.#
#.## #
.. ...
...#
#.#.
#.#.


You could see an orc priest (paralysed), 2 orcs and a goblin.

Vanquished Creatures
  2 crimson imps (D:3)
  2 orc wizards
  An adder (D:2)
  A dart slug (D:1)
  2 orcs (D:2)
  5 goblins
  4 hobgoblins
  4 jackals (D:1)
  6 kobolds
  6 rats
33 creatures vanquished.

Vanquished Creatures (others)
  A human (D:3)
1 creature vanquished.

Grand Total: 34 creatures vanquished

Notes
Turn   | Place    | Note
-------+----------+-------------------------------------------
     0 | D:1      | hawla the Draconian Conjurer began the quest for the Orb.
     0 | D:1      | Reached XP level 1. HP: 14/14 MP: 3/3
   694 | D:1      | Reached XP level 2. HP: 12/20 MP: 0/5
   725 | D:1      | Learned a level 2 spell: Searing Ray
  1691 | D:2      | Identified a scroll of acquirement
  1691 | D:2      | Acquired 1239 gold pieces
  1815 | D:2      | Reached XP level 3. HP: 23/26 MP: 0/6
  2485 | D:3      | Reached XP level 4. HP: 21/34 MP: 2/7
  2498 | D:3      | Found an ancient bone altar of Kikubaaqudgha.
  2498 | D:3      | Noticed a human
  2501 | D:3      | Killed a human
  2740 | D:3      | Found a shimmering altar of Xom.
  2746 | D:3      | Reached skill level 1 in Fighting
  2746 | D:3      | Reached skill level 5 in Conjurations
  2750 | D:3      | Reached XP level 5. HP: 39/40 MP: 0/8
  2775 | D:4      | HP: 2/40 [goblin/+0 club (2)]
  2776 | D:4      | Slain by an orc

Illustrated notes

Levels and vault maps discovered:
D:1:      minmay_arrival_wavy_path, layout_basic
D:2:      layout_basic
D:3:      layout_loops_corners, tgw_kikubaaqudgha, led_xom_imps,
          minmay_misc_feat_room
D:4:      layout_basic, gammafunk_ghost_cemetery, uniq_grinder

Skill      XL: |  1  2  3  4 |
---------------+-------------+-----
Dodging        | 2 |  2.9
Stealth        | 2 |  2.4
Fighting       | 1 |  1.4
Conjurations   | 5 |  5.1
Spellcasting   | |  2.5

Action                   |  1- 3 |  4- 6 || total
-------------------------+-------+-------++-------
Melee: Unarmed           |    15 |       ||    15
       Mace              |    76 |    14 ||    90
       Tailslap          |     9 |     2 ||    11
       Punch             |     2 |       ||     2
 Cast: Magic Dart        |    10 |     3 ||    13
       Searing Ray       |     7 |     2 ||     9
Evoke: Wand              |       |     3 ||     3
  Use: Scroll            |     1 |     5 ||     6
       Potion            |       |     3 ||     3
 Stab: Sleeping          |     1 |     2 ||     3
       Paralysed         |       |     3 ||     3
Armor: Skin              |    45 |    17 ||    62
Dodge: Dodged            |    77 |    35 ||   112
